 Dungeon Crawl Stone Soup version 0.30-a0-728-gc68057be0a (webtiles) character file.

Game seed: 2148437297582919600

7583 DeathSun the Cleaver (level 11, -6/84 HPs)
             Began as a Hill Orc Monk on Jan 30, 2023.
             Was a Priest of Makhleb.
             Mangled by Erica
             ... wielding a +2 scimitar of flaming
              (10 damage)
             ... on level 9 of the Dungeon.
             The game lasted 00:25:03 (11049 turns).

DeathSun the Cleaver (Hill Orc Monk)               Turns: 11049, Time: 00:25:03

Health: -6/84      AC: 15    Str: 17    XL:     11   Next: 17%
Magic:  18/18      EV:  5    Int: 12    God:    Makhleb [***...]
Gold:   508        SH:  0    Dex: 13    Spells: 6/10 levels left

rFire   + . .      SeeInvis .    H - +0 war axe (freeze)
rCold   x . .      Faith    +    (no shield)
rNeg    . . .      Spirit   .    M - +0 plate armour
rPois   .          Reflect  .    v - +0 helmet
rElec   .          Harm     .    o - +0 cloak
rCorr   .          Rampage  .    u - +0 pair of gloves
Will    +....                    f - +0 pair of boots Stlth
                                 n - amulet of faith
HPRegen 0.34/turn                t - ring of willpower
MPRegen 0.16/turn                w - ring of fire

@: no status effects
A: no striking features
a: Renounce Religion, Minor Destruction, Lesser Servant of Makhleb


You were on level 9 of the Dungeon.
You worshipped Makhleb.
Makhleb was most pleased with you.
You visited 2 branches of the dungeon, and saw 10 of its levels.
You also visited: Sewer.

You collected 508 gold pieces.

Inventory:

Hand Weapons
 H - a +0 war axe of freezing (weapon)
Missiles
 B - 16 poisoned darts
 P - 4 datura-tipped darts
 Q - a throwing net
Armour
 b - a +0 robe
 f - a +0 pair of boots (worn)
 g - a +0 leather armour
 o - a +0 cloak (worn)
 u - a +0 pair of gloves (worn)
 v - a +0 helmet (worn)
 K - a +0 scale mail
 M - a +0 plate armour (worn)
Magical Staves
 F - a staff of fire
Jewellery
 e - an amulet of reflection
 k - a ring of flight
 n - an amulet of faith (around neck)
 t - a ring of willpower (left hand)
 w - a ring of fire (right hand)
 x - an amulet of the acrobat
 J - a ring of protection from cold
 N - a ring of willpower
 R - an amulet of guardian spirit
 V - a ring of protection from cold
Wands
 G - a wand of roots (4)
 L - a wand of polymorph (5)
 O - a wand of flame (12)
 U - a wand of acid (2)
Scrolls
 d - a scroll of fear
 h - 6 scrolls of teleportation
 i - 2 scrolls of amnesia
 j - a scroll of brand weapon
 l - a scroll of enchant weapon
 m - 2 scrolls of blinking {unknown}
 p - 3 scrolls of magic mapping {unknown}
 q - a scroll of noise {unknown}
 r - 2 scrolls of vulnerability {unknown}
 s - 2 scrolls of poison {unknown}
 y - a scroll of fog {unknown}
 S - 3 scrolls of identify
 T - a scroll of silence {unknown}
Potions
 a - a potion of degeneration {unknown}
 z - a potion of invisibility {unknown}
 A - a potion of flight {unknown}
 C - 3 potions of attraction {unknown}
 D - 3 potions of magic {unknown}
 E - 2 potions of lignification {unknown}
 I - 2 potions of mutation {unknown}


   Skills:
 * Level 4.2 Fighting
 * Level 14.8 Axes
 - Level 3.4 Throwing
 * Level 1.7 Armour
 - Level 2.4 Dodging
 - Level 1.5 Stealth
 - Level 5.0 Conjurations
 * Level 8.2 Fire Magic
 * Level 9.7 Invocations


You had 6 spell levels left.
You knew the following spells:

 Your Spells              Type           Power      Damage    Failure   Level
a - Sticky Flame          Conj/Fire      23%        2d4       100%        4

Your spell library contained the following spells:

 Spells                   Type           Power      Damage    Failure   Level
 Cigotuvi's Dreadful Rot  Necr/Pois/Air  0%         N/A       100%        2
 Ensorcelled Hibernation  Hex/Ice        0%         N/A       100%        2
 Poisonous Vapours        Pois/Air       0%         N/A       100%        2
 Inner Flame              Hex/Fire       14%        N/A       100%        3
 Mephitic Cloud           Conj/Pois/Air  3%         N/A       100%        3
 Spider Form              Tmut/Pois      0%         N/A       100%        3
 Anguish                  Hex/Necr       0%         N/A       100%        4
 Cause Fear               Hex            0%         N/A       100%        4
 Flame Wave               Conj/Fire      23%        2d8       100%        4
 Discord                  Hex            0%         N/A       100%        8


Dungeon Overview and Level Annotations

Branches:
Dungeon (9/15)             Temple (1/1) D:5            Lair (0/5) D:8
  Sewer (visited)
    Orc: D:9-12

Altars:
Ashenzari
Cheibriados
Dithmenos
Elyvilon
Gozag
Hepliaklqana
Makhleb
Nemelex Xobeh
Qazlal
Ru
Sif Muna
Trog
Uskayaw
Wu Jian
Xom
Yredelemnul
Zin
The Shining One

Shops:
D:9 :

Annotations:
D:7 3 runed translucent doors, crabbyslav's ghost, novice DjCA; postfeelist's ghost, novice MiBe
D:8 3 runed translucent doors
D:9 Erica


Message History

Erica is lightly wounded.
Erica hits you with a +2 scimitar of flaming!
Erica burns you.
Your ynoxinul hits Erica! You closely miss Erica.
Erica is moderately wounded.
Erica gestures wildly while chanting.
Erica flickers and vanishes!
Deactivating autopickup; reactivate with Ctrl-A.
Your ynoxinul hits something! You slash something! You freeze something.
You hear some strange, mumbled words.
A bolt of poison appears from out of thin air!
The bolt of poison hits you!
You are poisoned.
You closely miss something.
You feel very sick.
Your ynoxinul hits something! Something hits you.
You barely miss something.
You feel sick.
Your ynoxinul hits something but does no damage.
You hit something. You freeze something.
You feel sick. Something hits you!
* * * LOW HITPOINT WARNING * * *
Your ynoxinul barely misses something.
You miss something.
You feel sick. Something hits you but does no damage.
Your ynoxinul misses something. You closely miss something.
You feel sick. Something hits you.
* * * LOW HITPOINT WARNING * * *
You miss something.
You feel sick.
Your ynoxinul hits something! You closely miss something.
You feel sick. Something hits you!
* * * LOW HITPOINT WARNING * * *
Something burns you.
* * * LOW HITPOINT WARNING * * *
Your ynoxinul hits something.
You feel better. Something hits you.
* * * LOW HITPOINT WARNING * * *
Your ynoxinul barely misses something.
Something hits you.
* * * LOW HITPOINT WARNING * * *
There is an open door, spattered with blood here.
Something hits you!
You die...

+..........# #..........# #'#
#.## #..# ##.# ####### #3##
######### ......# #..# #........
......# #####@### #..>.....
......# #.......# #........
......#### #.......# #........
....†.'..# #.......# #.......†
......##.# #.<.....# ###........
.......#.###.......# ##.'........
..........##...(...###..#........
#.....#...##.......#...##........
##...###...'..††...'.####........


You could see a friendly ynoxinul (summoned).

Vanquished Creatures
  A two-headed ogre (D:7)
  A troll (D:9)
  Grinder (D:3)
  2 hornets
  5 yaks
  2 wyverns
  2 water moccasins
  An orc warrior (D:6)
  3 ice beasts
  4 black bears
  2 sky beasts
  An ogre (D:6)
  3 wolves (D:8)
  A centaur (D:7)
  2 phantoms
  A gnoll sergeant (D:8)
  2 scorpions
  2 bullfrogs
  A necrophage (D:7)
  6 wights
  2 howler monkeys
  2 hounds (D:5)
  3 jellies
  4 orc priests (D:6)
  Ijyb (D:5)
  5 iguanas
  5 orc wizards
  5 gnolls
  11 adders
  5 river rats (Sewer)
  A shadow imp (D:6)
  2 ufetubi
  A worm (D:2)
  4 dart slugs
  19 orcs
  7 ball pythons
  4 endoplasms (D:1)
  3 giant cockroaches
  9 goblins
  5 hobgoblins
  8 jackals
  A quokka (D:4)
  5 bats
  7 frilled lizards
  9 kobolds
  10 rats
181 creatures vanquished.

Vanquished Creatures (collateral kills)
  A two-headed ogre (D:8)
  A rime drake (D:8)
  5 slime creatures (D:8)
  2 ice beasts (D:8)
  A kobold brigand (D:8)
10 creatures vanquished.

Vanquished Creatures (others)
  27 plants (Sewer)
  6 withered plants (D:7)
33 creatures vanquished.

Grand Total: 224 creatures vanquished

Notes
Turn   | Place    | Note
-------+----------+-------------------------------------------
     0 | D:1      | DeathSun the Hill Orc Monk began the quest for the Orb.
     0 | D:1      | Reached XP level 1. HP: 19/19 MP: 1/1
   132 | D:1      | Reached skill level 5 in Axes
   132 | D:1      | Reached XP level 2. HP: 3/26 MP: 2/2
   444 | D:1      | Reached XP level 3. HP: 31/31 MP: 3/3
  1258 | D:2      | Reached skill level 6 in Axes
  1655 | D:2      | Reached XP level 4. HP: 39/39 MP: 4/4
  1901 | D:3      | Found an ornate altar of the Wu Jian Council.
  2308 | D:3      | Reached skill level 7 in Axes
  2308 | D:3      | Noticed Grinder
  2465 | D:3      | Found a glowing drain.
  2485 | Sewer    | Entered a sewer
  2580 | Sewer    | Reached XP level 5. HP: 39/45 MP: 5/5
  2980 | Sewer    | Reached skill level 8 in Axes
  3690 | D:3      | Killed Grinder
  3691 | D:3      | Reached skill level 9 in Axes
  3691 | D:3      | Reached XP level 6. HP: 15/51 MP: 6/6
  4044 | D:4      | Noticed a black bear
  4054 | D:4      | Killed a black bear
  4055 | D:4      | Reached skill level 10 in Axes
  4055 | D:4      | Reached XP level 7. HP: 47/57 MP: 7/7
  5103 | D:5      | Entered Level 5 of the Dungeon
  5130 | D:5      | Found a basalt altar of Yredelemnul.
  5294 | D:5      | Reached skill level 1 in Throwing
  5460 | D:5      | Noticed Ijyb
  5557 | D:5      | Reached skill level 11 in Axes
  5824 | D:5      | Learned a level 4 spell: Sticky Flame
  5850 | D:5      | Reached XP level 8. HP: 26/64 MP: 8/8
  5981 | D:5      | Found a staircase to the Ecumenical Temple.
  5990 | Temple   | Entered the Ecumenical Temple
  6061 | Temple   | Became a worshipper of Makhleb the Destroyer
  6061 | Temple   | Reached * piety under Makhleb
  6061 | Temple   | Reached ** piety under Makhleb
  6152 | D:5      | Killed Ijyb
  6153 | D:5      | Reached skill level 1 in Fire Magic
  6412 | D:6      | Reached skill level 1 in Invocations
  6534 | D:6      | Reached skill level 1 in Conjurations
  6710 | D:6      | Reached skill level 12 in Axes
  6920 | D:6      | Found a glowing golden altar of the Shining One.
  7273 | D:6      | Reached XP level 9. HP: 70/70 MP: 12/12
  8180 | D:7      | Found a bloodstained altar of Trog.
  8240 | D:7      | Reached skill level 5 in Invocations
  8870 | D:7      | Reached skill level 5 in Fire Magic
  8896 | D:7      | Noticed a hornet
  8902 | D:7      | Paralysed by a hornet for 1 turns
  8904 | D:7      | Killed a hornet
  8904 | D:7      | Reached *** piety under Makhleb
  8905 | D:7      | Reached skill level 13 in Axes
  9144 | D:7      | Found a runed translucent gate.
  9144 | D:7      | Found a runed translucent gate.
  9144 | D:7      | Found a runed translucent gate.
  9145 | D:7      | Noticed postfeelist's ghost (novice MiBe)
  9146 | D:7      | Noticed crabbyslav's ghost (novice DjCA)
  9258 | D:7      | Found the +3 robe of Clouds {*Thunder rCloud rElec}
  9384 | D:8      | Noticed a two-headed ogre
  9391 | D:8      | Noticed a two-headed ogre
  9403 | D:7      | Killed a two-headed ogre
  9404 | D:7      | Reached XP level 10. HP: 34/77 MP: 13/15
  9994 | D:8      | Found a staircase to the Lair.
 10023 | D:8      | Reached skill level 14 in Axes
 10082 | D:8      | Killed a two-headed ogre
 10085 | D:8      | Found an opulent altar of Gozag.
 10217 | D:8      | Found a runed translucent gate.
 10217 | D:8      | Found a runed translucent gate.
 10217 | D:8      | Found a runed translucent gate.
 10217 | D:8      | Noticed a brown ugly thing
 10217 | D:8      | Noticed a green ugly thing
 10218 | D:8      | Noticed a white ugly thing
 10218 | D:8      | Noticed a purple ugly thing
 10218 | D:8      | Noticed a purple ugly thing
 10230 | D:8      | Found a glowing silver altar of Zin.
 10471 | D:8      | Paralysed by a hornet for 1 turns
 10476 | D:8      | Paralysed by a hornet for 1 turns
 10498 | D:8      | Reached XP level 11. HP: 6/82 MP: 16/18
 10826 | D:9      | Reached skill level 1 in Armour
 10882 | D:9      | Found Riheuca's Self-Improvement Boutique.
 11005 | D:9      | Reached skill level 5 in Conjurations
 11026 | D:9      | Noticed Erica
 11048 | D:9      | HP: 4/84 [something (4)]
 11049 | D:9      | Mangled by Erica

Illustrated notes

Levels and vault maps discovered:
D:1:      grunt_arrival_lava_bath, layout_basic, corexii_leaking_fountain,
          roderic_lattice_a, grunt_decor_junction
D:2:      layout_loops_ring, serial_glass, glass_columns_c, glass_columns_a,
          glass_columns_b, glass_columns_a, glass_columns_b, glass_columns_a,
          kennysheep_cross_room
D:3:      layout_loops_ring, nicolae_wu_jian_wuxing_cycle, portal_sewer_entry_d,
          uniq_grinder
D:4:      layout_basic, roderic_serpentine_path
D:5:      layout_loops_cross, amcnicky_altar_gilded,
          minmay_temple_entry_drinking_statues, uniq_ijyb
D:6:      layout_layer_cave, mainiacjoe_overflow_concentric_impassable
D:7:      layout_rooms, lightli_temple_of_fire, gammafunk_ghost_cemetery
D:8:      layout_rooms, grunt_gozag_breadcrumbs,
          mainiacjoe_overflow_tiny_flanked, hellmonk_lair_entry_icy,
          ploomutoo_gammafunk_ghost_potion_laboratory
D:9:      layout_roguey, minmay_strange_pillars, hangedman_decor_slide_cut,
          grunt_decor_one_mirror, nicolae_shop_self_help, uniq_erica
Temple:   nicolae_temple_ecumenical_triangle

Skill      XL: |  1  2  3  4  5  6  7  8  9 10 11 |
---------------+----------------------------------+-----
Axes           | 5 6 7 9 10 11 12 13 14 | 14.8
Throwing       | 2 3 |  3.4
Fire Magic     | 3 6 7 8 |  8.2
Invocations    | 4 7 9 |  9.7
Conjurations   | 2 3 4 5 |  5.0
Armour         | 1 |  1.7
Fighting       | 4 |  4.2
Dodging        | |  2.4
Stealth        | |  1.5

Action                     |  1- 3 |  4- 6 |  7- 9 | 10-12 || total
---------------------------+-------+-------+-------+-------++-------
  Melee: Hand axe          |   102 |   261 |   133 |       ||   496
         Punch             |     1 |     3 |     5 |     1 ||    10
         War axe           |       |       |   246 |    97 ||   343
 Invoke: Minor Destruction |       |       |    26 |    43 ||    69
         Lesser Servant of |       |       |     1 |     5 ||     6
    Use: Potion            |       |     1 |     1 |     4 ||     6
         Scroll            |       |     4 |     2 |     1 ||     7
   Stab: Sleeping          |     4 |     2 |     4 |       ||    10
         Distracted        |       |       |     1 |     1 ||     2
 Armour: Robe              |     6 |       |       |       ||     6
         Leather armour    |    16 |    83 |    83 |       ||   182
         Plate armour      |       |       |    36 |    71 ||   107
         Scale mail        |       |       |    12 |       ||    12
  Dodge: Dodged            |    49 |   156 |   161 |    17 ||   383

Table legend: (Time is in decaauts)
 A = Elapsed time spent in this place.
 B = Non-inter-level travel time spent in this place.
 C = Inter-level travel time spent in this place.
 D = Time resting spent in this place.
 E = Time spent auto-exploring this place.
 F = Levels seen in this place.
 G = Mean time per level.
                   A        B        C        D        E       F      G
               +--------+--------+--------+--------+--------+-----+--------+
         Total |  11121 |  10696 |    425 |      0 |   8358 |  11 | 1011.0 |
       Dungeon |   9841 |   9416 |    425 |      0 |   7564 |   9 | 1093.4 |
        Temple |     81 |     81 |      0 |      0 |      0 |   1 |   81.0 |
         Sewer |   1197 |   1197 |      0 |      0 |    794 |   1 | 1197.0 |
               +--------+--------+--------+--------+--------+-----+--------+

Top non-repeatable levels by time:
     D:6: 1712 daAuts
     D:7: 1550 daAuts
     D:5: 1378 daAuts
   Sewer: 1197 daAuts
     D:1: 1173 daAuts
     D:4: 1112 daAuts
     D:3: 1103 daAuts
     D:8: 924 daAuts
     D:2: 644 daAuts
     D:9: 239 daAuts
  Temple: 81 daAuts
